GUELPH STORM vs TRENTON WHALERS
Created - 15 octobre 2025 at 21:14
Goals
|
| GUELPH STORM |
0 |
2 |
1 |
3 |
| TRENTON WHALERS |
1 |
0 |
3 |
4 |
|
Shots
|
| GUELPH STORM |
4 |
10 |
15 |
29 |
| TRENTON WHALERS |
19 |
16 |
7 |
42 |
|
1st period
1. TRENTON WHALERS , Sam Malinski 2 (Sam Morton 1, Wyatt Kaiser 1) at 3:27 (PP)
Penalties :
Louis Crevier (GUE) for Tripping (Minor) at 3:08
2nd period
2. GUELPH STORM , Louis Crevier 2 (Skyler Brind'Amour 3, Brandon Biro 3) at 9:15
3. GUELPH STORM , Alexis Gendron 1 (Owen Pickering 1, Brandon Biro 4) at 17:02
Penalties :
Louis Crevier (GUE) for High sticking (Minor) at 0:23, Anton Wahlberg (GUE) for Hooking (Minor) at 13:28
3rd period
4. TRENTON WHALERS , Logan Morrison 1 (Wyatt Kaiser 2) at 2:16
5. TRENTON WHALERS , Michael Milne 1 (Noah Philp 1, Paul Ludwinski 1) at 8:15
6. TRENTON WHALERS , Michael Milne 2 (Kevin Korchinski 2, Paul Ludwinski 2) at 11:34
7. GUELPH STORM , Christian Fischer 1 (Nikolai Kovalenko 4) at 14:46
Penalties :
Sam Morton (TRE) for Goalie Interference (Minor) at 9:06
Goalie Stats
Cayden Primeau (GUE), 38 saves from 42 shots - (0,905), L, 1-2-0, 59:00 minutes
Clay Stevenson (TRE), 26 saves from 29 shots - (0,897), W, 2-0-0, 60:00 minutes
Players Stats for GUELPH STORM
Player Name G A P +/- PIM S H SB GA TA FO MP PP MP PK MP
------------------------------------------------------------------------------------
Alexis Gendron 1 0 1 -1 0 1 0 0 0 0 0/0 17:41 0:00 0:43
Anton Wahlberg 0 0 0 0 2 5 1 0 0 0 1/2 19:40 1:24 1:05
Brandon Biro 0 2 2 -1 0 2 2 0 0 0 0/0 17:41 0:00 0:43
Brett Harrison 0 0 0 0 0 0 0 0 0 0 3/3 2:26 0:00 0:00
Bryce McConnell-Barker 0 0 0 0 0 0 0 0 0 0 0/0 1:48 0:00 0:00
Christian Fischer 1 0 1 1 0 5 2 2 0 0 5/17 21:02 0:35 1:53
David Spacek 0 0 0 2 0 0 2 0 0 0 0/0 20:45 0:35 1:45
Graeme Clarke 0 0 0 0 0 1 0 0 0 0 1/1 18:36 1:24 0:00
Isaac Belliveau 0 0 0 -2 0 0 1 0 0 0 0/0 17:26 0:00 1:52
Jack Ahcan 0 0 0 0 0 0 0 3 0 0 0/0 22:29 1:24 2:32
Jake Furlong 0 0 0 -2 0 0 1 0 0 0 0/0 16:44 0:00 0:00
Judd Caulfield 0 0 0 1 0 0 3 1 0 0 0/1 18:21 0:35 0:00
Louis Crevier 1 0 1 0 4 4 3 2 0 0 0/0 20:21 1:24 0:40
Nikolai Kovalenko 0 1 1 1 0 7 0 1 0 0 2/5 21:02 0:35 1:53
Owen Pickering 0 1 1 2 0 0 3 3 0 0 0/0 20:13 0:35 1:45
Skyler Brind'Amour 0 1 1 -1 0 2 0 0 0 0 10/18 17:34 0:00 0:36
Ty Mueller 0 0 0 0 0 2 0 0 0 0 13/23 20:17 1:24 1:41
Xavier Simoneau 0 0 0 0 0 0 0 0 0 0 1/1 1:34 0:00 0:00
Players Stats for TRENTON WHALERS
Player Name G A P +/- PIM S H SB GA TA FO MP PP MP PK MP
------------------------------------------------------------------------------------
Alex Steeves 0 0 0 0 0 0 3 0 0 0 0/0 8:57 0:57 0:31
Cole Koepke 0 0 0 0 0 5 3 0 0 0 0/1 18:54 1:56 0:35
Daniil Miromanov 0 0 0 0 0 2 0 0 0 0 0/0 23:16 1:56 0:53
Henrik Rybinski 0 0 0 -2 0 3 1 0 0 0 17/23 19:53 2:21 0:53
Jakob Pelletier 0 0 0 0 0 6 0 0 0 0 7/27 18:56 1:56 0:37
Jason Polin 0 0 0 1 0 2 0 0 0 0 0/0 13:36 0:00 0:29
Kevin Korchinski 0 1 1 -1 0 2 0 3 0 0 0/0 21:25 1:37 0:31
Logan Morrison 1 0 1 1 0 2 0 0 0 0 7/10 14:30 0:57 0:53
Michael Benning 0 0 0 1 0 1 1 2 0 0 0/0 15:13 0:57 0:00
Michael Milne 2 0 2 1 0 3 0 0 0 0 0/0 8:02 0:00 0:00
Noah Philp 0 1 1 1 0 0 0 0 0 0 0/0 8:02 0:00 0:00
Noel Hoefenmayer 0 0 0 -2 0 1 1 1 0 0 0/0 20:53 1:37 0:55
Paul Ludwinski 0 2 2 1 0 0 0 0 0 0 2/7 8:02 0:00 0:00
Sam Malinski 1 0 1 1 0 3 0 0 0 0 0/0 23:25 1:43 0:35
Sam Morton 0 1 1 -2 2 8 4 0 0 0 0/0 17:35 1:24 0:00
Taylor Ward 0 0 0 1 0 0 2 0 0 0 1/2 13:07 0:00 0:00
Wyatt Kaiser 0 2 2 1 0 2 0 3 0 0 0/0 25:41 1:43 1:04
Xavier Bourgault 0 0 0 -2 0 2 0 0 0 0 1/1 18:33 2:21 0:00
3 Stars
1 - Michael Milne (TRE)
2 - Wyatt Kaiser (TRE)
3 - Christian Fischer (GUE)
Power Play
GUELPH STORM - 0 on 1 Attempt(s) - 0,00%
TRENTON WHALERS - 1 on 3 Attempt(s) - 33,33%
Penalty Kill
GUELPH STORM - 2 on 3 Attempt(s) - 66,67%
- Score 0 goal in Penalty Kill
TRENTON WHALERS - 1 on 1 Attempt(s) - 100,00%
- Score 0 goal in Penalty Kill
Team Stat
GUELPH STORM - Hits : 18 - Faceoff Wins : 36 - Blocked Shots : 12 - Penalty Minutes : 6
TRENTON WHALERS - Hits : 15 - Faceoff Wins : 35 - Blocked Shots : 9 - Penalty Minutes : 2
Official
Referees : Mitch Dunning and Kelly Sutherland
Linesman : Julien Fournier and Jonny Murray
Game Notes
No Game Note
GUELPH STORM
5 vs 5 Forward
Center Left Wing Right Wing Time % Phy DF OF
1 Christian Fischer Nikolai Kovalenko Judd Caulfield 36 1 2 2
2 Ty Mueller Anton Wahlberg Graeme Clarke 31 1 2 2
3 Skyler Brind'Amour Brandon Biro Alexis Gendron 23 1 2 2
4 Brett Harrison Nikolai Kovalenko Christian Fischer 10 1 2 2
5 vs 5 Defense
Defense Defense Time % Phy DF OF
1 Louis Crevier Jack Ahcan 36 1 2 2
2 Owen Pickering David Spacek 31 1 2 2
3 Jake Furlong Isaac Belliveau 23 1 2 2
4 Louis Crevier Jack Ahcan 10 1 2 2
PowerPlay Forward
Center Left Wing Right Wing Time % Phy DF OF
1 Christian Fischer Nikolai Kovalenko Judd Caulfield 55 1 2 2
2 Ty Mueller Anton Wahlberg Graeme Clarke 45 1 2 2
PowerPlay Defense
Defense Defense Time % Phy DF OF
1 Louis Crevier Jack Ahcan 55 1 2 2
2 Owen Pickering David Spacek 45 1 2 2
Penalty Kill 4 Players Forward
Center Wing Time % Phy DF OF
1 Nikolai Kovalenko Christian Fischer 55 1 2 2
2 Ty Mueller Anton Wahlberg 45 1 2 2
Penalty Kill 4 Players Defense
Defense Defense Time % Phy DF OF
1 Louis Crevier Jack Ahcan 55 1 2 2
2 Owen Pickering David Spacek 45 1 2 2
Penalty Kill - 3 Players Forward
Forward Time % Phy DF OF
1 Nikolai Kovalenko 55 1 2 2
2 Christian Fischer 45 1 2 2
Penalty Kill - 3 Players Defense
Defense Defense Time % Phy DF OF
1 Louis Crevier Jack Ahcan 55 1 2 2
2 Owen Pickering David Spacek 45 1 2 2
4 vs 4 Forward
Center Wing Time % Phy DF OF
1 Nikolai Kovalenko Christian Fischer 55 1 2 2
2 Ty Mueller Anton Wahlberg 45 1 2 2
4 vs 4 Defense
Defense Defense Time % Phy DF OF
1 Louis Crevier Jack Ahcan 55 1 2 2
2 Owen Pickering David Spacek 45 1 2 2
Last Minutes Offensive
Center Left Wing Right Wing Defense Defense
Christian Fischer Nikolai Kovalenko Judd Caulfield Louis Crevier Jack Ahcan
Last Minutes Defensive
Center Left Wing Right Wing Defense Defense
Christian Fischer Nikolai Kovalenko Judd Caulfield Louis Crevier Jack Ahcan
Goaltenders
Starting : Cayden Primeau
Backup : Matt Tomkins
Extra Forwards
Normal : Bryce McConnell-Barker, Xavier Simoneau, Skyler Brind'Amour - PP : Bryce McConnell-Barker, Xavier Simoneau - PK : Skyler Brind'Amour
Extra Defensemen
Normal : Jake Furlong, Isaac Belliveau, Owen Pickering - PP : Jake Furlong - PK : Isaac Belliveau, Owen Pickering
Penalty Shots
Nikolai Kovalenko, Christian Fischer, Ty Mueller, Anton Wahlberg, Skyler Brind'Amour
Scratches
Joshua Lopina (Healthy), Ben Meyers (Healthy), Joshua Roy (Healthy), Jake Schmaltz (Healthy), Jakub Fibigr (Healthy)
Kailer Yamamoto (Healthy), Nikita Prishchepov (Healthy), Rodwin Dionicio (Healthy), Matthew Stienburg (Healthy), Nils Aman (Healthy)
Luke Cavallin (Healthy)
TRENTON WHALERS
5 vs 5 Forward
Center Left Wing Right Wing Time % Phy DF OF
1 Jakob Pelletier Cole Koepke Daniil Miromanov 36 1 2 2
2 Henrik Rybinski Sam Morton Xavier Bourgault 31 1 2 2
3 Logan Morrison Taylor Ward Jason Polin 23 1 2 2
4 Paul Ludwinski Michael Milne Noah Philp 10 1 2 2
5 vs 5 Defense
Defense Defense Time % Phy DF OF
1 Wyatt Kaiser Sam Malinski 36 1 2 2
2 Noel Hoefenmayer Kevin Korchinski 31 1 2 2
3 Michael Benning Wyatt Kaiser 23 1 2 2
4 Sam Malinski Daniil Miromanov 10 1 2 2
PowerPlay Forward
Center Left Wing Right Wing Time % Phy DF OF
1 Jakob Pelletier Cole Koepke Daniil Miromanov 55 1 2 2
2 Henrik Rybinski Sam Morton Xavier Bourgault 45 1 2 2
PowerPlay Defense
Defense Defense Time % Phy DF OF
1 Wyatt Kaiser Sam Malinski 55 1 2 2
2 Noel Hoefenmayer Kevin Korchinski 45 1 2 2
Penalty Kill 4 Players Forward
Center Wing Time % Phy DF OF
1 Jakob Pelletier Cole Koepke 55 1 2 2
2 Henrik Rybinski Logan Morrison 45 1 2 2
Penalty Kill 4 Players Defense
Defense Defense Time % Phy DF OF
1 Wyatt Kaiser Sam Malinski 55 1 2 2
2 Daniil Miromanov Noel Hoefenmayer 45 1 2 2
Penalty Kill - 3 Players Forward
Forward Time % Phy DF OF
1 Jakob Pelletier 55 1 2 2
2 Cole Koepke 45 1 2 2
Penalty Kill - 3 Players Defense
Defense Defense Time % Phy DF OF
1 Wyatt Kaiser Sam Malinski 55 1 2 2
2 Daniil Miromanov Noel Hoefenmayer 45 1 2 2
4 vs 4 Forward
Center Wing Time % Phy DF OF
1 Jakob Pelletier Cole Koepke 55 1 2 2
2 Henrik Rybinski Logan Morrison 45 1 2 2
4 vs 4 Defense
Defense Defense Time % Phy DF OF
1 Wyatt Kaiser Sam Malinski 55 1 2 2
2 Daniil Miromanov Noel Hoefenmayer 45 1 2 2
Last Minutes Offensive
Center Left Wing Right Wing Defense Defense
Jakob Pelletier Cole Koepke Daniil Miromanov Wyatt Kaiser Sam Malinski
Last Minutes Defensive
Center Left Wing Right Wing Defense Defense
Jakob Pelletier Cole Koepke Daniil Miromanov Wyatt Kaiser Sam Malinski
Goaltenders
Starting : Clay Stevenson
Backup : Jakub Skarek
Extra Forwards
Normal : Alex Steeves, Taylor Ward, Jason Polin - PP : Alex Steeves, Taylor Ward - PK : Jason Polin
Extra Defensemen
Normal : Michael Benning, Kevin Korchinski, Noel Hoefenmayer - PP : Michael Benning - PK : Kevin Korchinski, Noel Hoefenmayer
Penalty Shots
Jakob Pelletier, Cole Koepke, Daniil Miromanov, Henrik Rybinski, Logan Morrison
Scratches
Elias Pettersson Jr (Healthy), Borya Valis (Healthy), Dmitry Kuzmin (Healthy), Gabriel Szturc (Healthy), Angus Crookshank (Healthy)
John Prokop (Healthy), Karsen Dorwart (Healthy), Patrick Giles (Healthy), Massimo Rizzo (Healthy), Matias Rajaniemi (Healthy)
Matt Copponi (Healthy), Trey Taylor (Healthy), Maxwell Crozier (Healthy), Talyn Boyko (Healthy)
% Time on Ice - GUELPH STORM
Lines # - Real PCT - Wanted PCT - Time Play
Normal Forward
1 - 31% - 36% - 16:19
2 - 33% - 31% - 17:12
3 - 32% - 23% - 16:58
4 - 5% - 10% - 2:26
Normal Defense
1 - 31% - 36% - 16:38
2 - 34% - 31% - 18:00
3 - 30% - 23% - 15:59
4 - 4% - 10% - 2:18
PP Forward
1 - 29% - 55% - 0:35
2 - 71% - 45% - 1:24
PP Defense
1 - 71% - 55% - 1:24
2 - 29% - 45% - 0:35
PK Forward
1 - 44% - 55% - 1:53
2 - 56% - 45% - 2:24
PK Defense
1 - 59% - 55% - 2:32
2 - 41% - 45% - 1:45
PK3 Forward
1 - 0% - 55%
2 - 0% - 45%
PK3 Defense
1 - 0% - 55%
2 - 0% - 45%
44 Forward
1 - 0% - 55%
2 - 0% - 45%
44 Defense
1 - 0% - 55%
2 - 0% - 45%
Last Minute Offensive - 0:49
Last Minute Defensive - 0:00
Total
Forward - 60:00
Defense - 60:00
|
% Time on Ice - TRENTON WHALERS
Lines # - Real PCT - Wanted PCT - Time Play
Normal Forward
1 - 30% - 36% - 16:01
2 - 31% - 31% - 16:12
3 - 24% - 23% - 12:40
4 - 15% - 10% - 8:02
Normal Defense
1 - 19% - 36% - 10:02
2 - 35% - 31% - 18:21
3 - 25% - 23% - 13:27
4 - 21% - 10% - 11:05
PP Forward
1 - 45% - 55% - 1:56
2 - 55% - 45% - 2:21
PP Defense
1 - 40% - 55% - 1:43
2 - 60% - 45% - 2:34
PK Forward
1 - 55% - 55% - 1:06
2 - 45% - 45% - 0:53
PK Defense
1 - 54% - 55% - 1:04
2 - 46% - 45% - 0:55
PK3 Forward
1 - 0% - 55%
2 - 0% - 45%
PK3 Defense
1 - 0% - 55%
2 - 0% - 45%
44 Forward
1 - 0% - 55%
2 - 0% - 45%
44 Defense
1 - 0% - 55%
2 - 0% - 45%
Last Minute Offensive - 0:00
Last Minute Defensive - 0:49
Total
Forward - 60:00
Defense - 60:00
|
Play-by-Play
1st period
0:01 of 1st period - Jakob Pelletier wins face-off versus Christian Fischer in neutral zone.
0:55 of 1st period - Off-side.
0:56 of 1st period - Logan Morrison wins face-off versus Ty Mueller in neutral zone.
1:01 of 1st period - Shot by Taylor Ward.
1:01 of 1st period - Shot Misses the Net.
1:03 of 1st period - Shot by Noel Hoefenmayer.
1:03 of 1st period - Shot Misses the Net.
1:23 of 1st period - Shot by Taylor Ward.
1:23 of 1st period - Shot Misses the Net.
2:10 of 1st period - Henrik Rybinski is hit by Jake Furlong and loses puck.
2:17 of 1st period - Shot by Sam Morton.
2:17 of 1st period - Stopped by Cayden Primeau without a rebound.
2:18 of 1st period - Brett Harrison wins face-off versus Paul Ludwinski in GUELPH STORM zone.
2:33 of 1st period - Shot by Nikolai Kovalenko.
2:33 of 1st period - Stopped by Clay Stevenson without a rebound.
2:34 of 1st period - Henrik Rybinski wins face-off versus Ty Mueller in TRENTON WHALERS zone.
2:34 of 1st period - Wyatt Kaiser is hit by Anton Wahlberg and loses puck.
2:47 of 1st period - Shot by Graeme Clarke.
2:47 of 1st period - Stopped by Clay Stevenson without a rebound.
2:48 of 1st period - Skyler Brind'Amour wins face-off versus Jakob Pelletier in TRENTON WHALERS zone.
3:08 of 1st period - Minor Penalty to Louis Crevier for Tripping.
3:09 of 1st period - Xavier Bourgault wins face-off versus Nikolai Kovalenko in GUELPH STORM zone.
3:12 of 1st period - Shot by Henrik Rybinski.
3:12 of 1st period - Stopped by Cayden Primeau without a rebound.
3:13 of 1st period - Nikolai Kovalenko wins face-off versus Henrik Rybinski in GUELPH STORM zone.
3:13 of 1st period - Nikolai Kovalenko is hit by Sam Morton.
3:19 of 1st period - Shot by Sam Malinski.
3:19 of 1st period - Shot Misses the Net.
3:23 of 1st period - Shot by Sam Morton.
3:23 of 1st period - Stopped by Cayden Primeau with a rebound.
3:25 of 1st period - Shot by Sam Malinski.
3:25 of 1st period - Shot Misses the Net.
3:27 of 1st period - Shot by Sam Malinski.
3:27 of 1st period - Goal by Sam Malinski - GUELPH STORM : 0 - TRENTON WHALERS : 1.
3:28 of 1st period - Ty Mueller wins face-off versus Jakob Pelletier in neutral zone.
3:38 of 1st period - Shot by Daniil Miromanov.
3:38 of 1st period - Shot Misses the Net.
3:50 of 1st period - Shot by Ty Mueller.
3:50 of 1st period - Shot Blocked by Kevin Korchinski.
3:52 of 1st period - Shot by Ty Mueller.
3:52 of 1st period - Shot Misses the Net.
4:06 of 1st period - Shot by Anton Wahlberg.
4:06 of 1st period - Stopped by Clay Stevenson with a rebound.
4:08 of 1st period - Shot by Ty Mueller.
4:08 of 1st period - Shot Misses the Net.
4:46 of 1st period - Shot by Henrik Rybinski.
4:46 of 1st period - Shot Misses the Net.
5:13 of 1st period - Off-side.
5:14 of 1st period - Skyler Brind'Amour wins face-off versus Logan Morrison in neutral zone.
5:25 of 1st period - Shot by Brandon Biro.
5:25 of 1st period - Shot Misses the Net.
5:29 of 1st period - Shot by Brandon Biro.
5:29 of 1st period - Shot Misses the Net.
5:31 of 1st period - Shot by Louis Crevier.
5:31 of 1st period - Stopped by Clay Stevenson without a rebound.
5:32 of 1st period - Paul Ludwinski wins face-off versus Ty Mueller in TRENTON WHALERS zone.
6:02 of 1st period - Shot by Noah Philp.
6:02 of 1st period - Shot Misses the Net.
6:49 of 1st period - Shot by Wyatt Kaiser.
6:49 of 1st period - Shot Misses the Net.
7:03 of 1st period - Shot by Jakob Pelletier.
7:03 of 1st period - Shot Misses the Net.
7:05 of 1st period - Shot by Daniil Miromanov.
7:05 of 1st period - Stopped by Cayden Primeau with a rebound.
7:07 of 1st period - Shot by Cole Koepke.
7:07 of 1st period - Stopped by Cayden Primeau with a rebound.
7:09 of 1st period - Shot by Cole Koepke.
7:09 of 1st period - Deflect By Jakob Pelletier.
7:09 of 1st period - Shot Misses the Net.
7:11 of 1st period - Shot by Daniil Miromanov.
7:11 of 1st period - Shot Misses the Net.
7:13 of 1st period - Shot by Jakob Pelletier.
7:13 of 1st period - Shot Misses the Net.
7:15 of 1st period - Shot by Jakob Pelletier.
7:15 of 1st period - Shot Misses the Net.
7:17 of 1st period - Shot by Cole Koepke.
7:17 of 1st period - Stopped by Cayden Primeau with a rebound.
7:25 of 1st period - Shot by Jakob Pelletier.
7:25 of 1st period - Stopped by Cayden Primeau without a rebound.
7:26 of 1st period - Henrik Rybinski wins face-off versus Judd Caulfield in GUELPH STORM zone.
7:29 of 1st period - Shot by Xavier Bourgault.
7:29 of 1st period - Shot Misses the Net.
7:31 of 1st period - Shot by Sam Morton.
7:31 of 1st period - Shot Hit the Post.
7:33 of 1st period - Shot by Noel Hoefenmayer.
7:33 of 1st period - Shot Blocked by Christian Fischer.
7:35 of 1st period - Shot by Kevin Korchinski.
7:35 of 1st period - Shot Misses the Net.
7:37 of 1st period - Shot by Noel Hoefenmayer.
7:37 of 1st period - Shot Misses the Net.
7:41 of 1st period - Shot by Henrik Rybinski.
7:41 of 1st period - Shot Misses the Net.
7:43 of 1st period - Shot by Noel Hoefenmayer.
7:43 of 1st period - Stopped by Cayden Primeau without a rebound.
7:44 of 1st period - Paul Ludwinski wins face-off versus Ty Mueller in GUELPH STORM zone.
8:52 of 1st period - Shot by Sam Morton.
8:52 of 1st period - Shot Misses the Net.
9:52 of 1st period - Daniil Miromanov is hit by Louis Crevier and loses puck.
10:32 of 1st period - Icing by Brandon Biro.
10:33 of 1st period - Skyler Brind'Amour wins face-off versus Paul Ludwinski in GUELPH STORM zone.
10:52 of 1st period - Shot by Michael Milne.
10:52 of 1st period - Stopped by Cayden Primeau with a rebound.
11:22 of 1st period - Shot by Henrik Rybinski.
11:22 of 1st period - Shot Misses the Net.
11:24 of 1st period - Shot by Sam Morton.
11:24 of 1st period - Stopped by Cayden Primeau without a rebound.
11:25 of 1st period - Logan Morrison wins face-off versus Christian Fischer in GUELPH STORM zone.
11:48 of 1st period - Shot by Jason Polin.
11:48 of 1st period - Shot Misses the Net.
12:06 of 1st period - Icing by Nikolai Kovalenko.
12:07 of 1st period - Christian Fischer wins face-off versus Henrik Rybinski in GUELPH STORM zone.
12:07 of 1st period - Christian Fischer is hit by Sam Morton.
12:33 of 1st period - Shot by Sam Morton.
12:33 of 1st period - Shot Misses the Net.
12:35 of 1st period - Shot by Sam Morton.
12:35 of 1st period - Deflect By Xavier Bourgault.
12:35 of 1st period - Stopped by Cayden Primeau with a rebound.
13:39 of 1st period - Shot by Jason Polin.
13:39 of 1st period - Shot Misses the Net.
14:08 of 1st period - Icing by Isaac Belliveau.
14:09 of 1st period - Henrik Rybinski wins face-off versus Christian Fischer in GUELPH STORM zone.
14:18 of 1st period - Shot by Henrik Rybinski.
14:18 of 1st period - Shot Misses the Net.
14:20 of 1st period - Shot by Wyatt Kaiser.
14:20 of 1st period - Shot Misses the Net.
14:22 of 1st period - Shot by Michael Benning.
14:22 of 1st period - Shot Blocked by Judd Caulfield.
14:24 of 1st period - Shot by Wyatt Kaiser.
14:24 of 1st period - Shot Misses the Net.
14:26 of 1st period - Shot by Michael Benning.
14:26 of 1st period - Stopped by Cayden Primeau without a rebound.
14:27 of 1st period - Skyler Brind'Amour wins face-off versus Jakob Pelletier in GUELPH STORM zone.
14:27 of 1st period - Skyler Brind'Amour is hit by Cole Koepke.
14:46 of 1st period - Shot by Cole Koepke.
14:46 of 1st period - Stopped by Cayden Primeau with a rebound.
14:48 of 1st period - Shot by Sam Malinski.
14:48 of 1st period - Stopped by Cayden Primeau with a rebound.
15:33 of 1st period - Shot by Henrik Rybinski.
15:33 of 1st period - Stopped by Cayden Primeau with a rebound.
15:35 of 1st period - Shot by Sam Morton.
15:35 of 1st period - Shot Misses the Net.
15:52 of 1st period - Skyler Brind'Amour is hit by Noel Hoefenmayer and loses puck.
16:21 of 1st period - Anton Wahlberg is hit by Taylor Ward.
16:36 of 1st period - Icing by Ty Mueller.
16:37 of 1st period - Jakob Pelletier wins face-off versus Ty Mueller in GUELPH STORM zone.
16:49 of 1st period - Cole Koepke is hit by Owen Pickering and loses puck.
17:02 of 1st period - Shot by Cole Koepke.
17:02 of 1st period - Stopped by Cayden Primeau with a rebound.
17:08 of 1st period - Shot by Jakob Pelletier.
17:08 of 1st period - Deflect By Cole Koepke.
17:08 of 1st period - Stopped by Cayden Primeau with a rebound.
17:10 of 1st period - Shot by Daniil Miromanov.
17:10 of 1st period - Stopped by Cayden Primeau without a rebound.
17:11 of 1st period - Skyler Brind'Amour wins face-off versus Henrik Rybinski in GUELPH STORM zone.
17:20 of 1st period - Wyatt Kaiser is hit by Brandon Biro and loses puck.
17:31 of 1st period - Skyler Brind'Amour is hit by Sam Morton and loses puck.
19:15 of 1st period - Shot by Judd Caulfield.
19:15 of 1st period - Shot Misses the Net.
Goals for this period are 0 for GUELPH STORM vs 1 for TRENTON WHALERS.
Shots for this period are 4 for GUELPH STORM vs 19 for TRENTON WHALERS.
2nd period
0:01 of 2nd period - Christian Fischer wins face-off versus Jakob Pelletier in neutral zone.
0:01 of 2nd period - Nikolai Kovalenko is hit by Cole Koepke and loses puck.
0:09 of 2nd period - Jakob Pelletier is hit by Louis Crevier and loses puck.
0:12 of 2nd period - Shot by Jakob Pelletier.
0:12 of 2nd period - Stopped by Cayden Primeau with a rebound.
0:16 of 2nd period - Shot by Jakob Pelletier.
0:16 of 2nd period - Stopped by Cayden Primeau with a rebound.
0:23 of 2nd period - Minor Penalty to Louis Crevier for High sticking.
0:24 of 2nd period - Henrik Rybinski wins face-off versus Ty Mueller in GUELPH STORM zone.
0:36 of 2nd period - Shot by Sam Morton.
0:36 of 2nd period - Shot Misses the Net.
0:38 of 2nd period - Shot by Noel Hoefenmayer.
0:38 of 2nd period - Shot Misses the Net.
0:40 of 2nd period - Shot by Sam Morton.
0:40 of 2nd period - Shot Misses the Net.
0:42 of 2nd period - Shot by Sam Morton.
0:42 of 2nd period - Deflect By Xavier Bourgault.
0:42 of 2nd period - Stopped by Cayden Primeau without a rebound.
0:43 of 2nd period - Nikolai Kovalenko wins face-off versus Jakob Pelletier in GUELPH STORM zone.
1:38 of 2nd period - Shot by Sam Morton.
1:38 of 2nd period - Stopped by Cayden Primeau with a rebound.
1:40 of 2nd period - Shot by Kevin Korchinski.
1:40 of 2nd period - Stopped by Cayden Primeau with a rebound.
1:48 of 2nd period - Shot by Sam Morton.
1:48 of 2nd period - Deflect By Henrik Rybinski.
1:48 of 2nd period - Shot Misses the Net.
2:24 of 2nd period - Off-side.
2:25 of 2nd period - Logan Morrison wins face-off versus Skyler Brind'Amour in neutral zone.
3:55 of 2nd period - Shot by Henrik Rybinski.
3:55 of 2nd period - Shot Misses the Net.
3:57 of 2nd period - Shot by Sam Morton.
3:57 of 2nd period - Shot Misses the Net.
3:59 of 2nd period - Shot by Kevin Korchinski.
3:59 of 2nd period - Stopped by Cayden Primeau with a rebound.
4:01 of 2nd period - Shot by Sam Morton.
4:01 of 2nd period - Shot Misses the Net.
4:03 of 2nd period - Shot by Sam Morton.
4:03 of 2nd period - Stopped by Cayden Primeau with a rebound.
4:21 of 2nd period - Shot by Sam Morton.
4:21 of 2nd period - Stopped by Cayden Primeau without a rebound.
4:22 of 2nd period - Taylor Ward wins face-off versus Christian Fischer in GUELPH STORM zone.
4:22 of 2nd period - Taylor Ward is hit by David Spacek.
4:30 of 2nd period - Shot by Logan Morrison.
4:30 of 2nd period - Shot Blocked by Owen Pickering.
4:36 of 2nd period - Wyatt Kaiser is hit by Christian Fischer and loses puck.
4:48 of 2nd period - Jason Polin is hit by Owen Pickering and loses puck.
5:00 of 2nd period - Logan Morrison is hit by Owen Pickering and loses puck.
5:34 of 2nd period - Shot by Brandon Biro.
5:34 of 2nd period - Stopped by Clay Stevenson without a rebound.
5:35 of 2nd period - Ty Mueller wins face-off versus Jakob Pelletier in TRENTON WHALERS zone.
6:00 of 2nd period - Shot by Ty Mueller.
6:00 of 2nd period - Stopped by Clay Stevenson without a rebound.
6:01 of 2nd period - Henrik Rybinski wins face-off versus Skyler Brind'Amour in TRENTON WHALERS zone.
6:01 of 2nd period - Henrik Rybinski is hit by Brandon Biro.
6:10 of 2nd period - Sam Morton is hit by Louis Crevier.
7:08 of 2nd period - Shot by Noel Hoefenmayer.
7:08 of 2nd period - Shot Misses the Net.
8:01 of 2nd period - Icing by Owen Pickering.
8:02 of 2nd period - Henrik Rybinski wins face-off versus Christian Fischer in GUELPH STORM zone.
8:13 of 2nd period - Shot by Sam Morton.
8:13 of 2nd period - Stopped by Cayden Primeau without a rebound.
8:14 of 2nd period - Henrik Rybinski wins face-off versus Ty Mueller in GUELPH STORM zone.
8:21 of 2nd period - Shot by Xavier Bourgault.
8:21 of 2nd period - Shot Misses the Net.
8:27 of 2nd period - Shot by Ty Mueller.
8:27 of 2nd period - Shot Misses the Net.
8:29 of 2nd period - Shot by Ty Mueller.
8:29 of 2nd period - Shot Misses the Net.
8:31 of 2nd period - Shot by Anton Wahlberg.
8:31 of 2nd period - Shot Misses the Net.
8:33 of 2nd period - Shot by Anton Wahlberg.
8:33 of 2nd period - Shot Blocked by Kevin Korchinski.
9:11 of 2nd period - Shot by Brandon Biro.
9:11 of 2nd period - Shot Blocked by Kevin Korchinski.
9:13 of 2nd period - Shot by Skyler Brind'Amour.
9:13 of 2nd period - Shot Hit the Post.
9:15 of 2nd period - Shot by Louis Crevier.
9:15 of 2nd period - Goal by Louis Crevier - GUELPH STORM : 1 - TRENTON WHALERS : 1.
9:16 of 2nd period - Jakob Pelletier wins face-off versus Skyler Brind'Amour in neutral zone.
9:19 of 2nd period - Shot by Daniil Miromanov.
9:19 of 2nd period - Shot Misses the Net.
9:40 of 2nd period - Shot by Cole Koepke.
9:40 of 2nd period - Shot Blocked by Louis Crevier.
9:42 of 2nd period - Shot by Sam Malinski.
9:42 of 2nd period - Stopped by Cayden Primeau without a rebound.
9:43 of 2nd period - Ty Mueller wins face-off versus Logan Morrison in GUELPH STORM zone.
9:53 of 2nd period - Shot by Jason Polin.
9:53 of 2nd period - Shot Misses the Net.
9:55 of 2nd period - Shot by Logan Morrison.
9:55 of 2nd period - Shot Misses the Net.
10:07 of 2nd period - Shot by Wyatt Kaiser.
10:07 of 2nd period - Shot Misses the Net.
10:09 of 2nd period - Shot by Logan Morrison.
10:09 of 2nd period - Shot Misses the Net.
11:01 of 2nd period - Shot by Christian Fischer.
11:01 of 2nd period - Stopped by Clay Stevenson without a rebound.
11:02 of 2nd period - Henrik Rybinski wins face-off versus Skyler Brind'Amour in TRENTON WHALERS zone.
11:19 of 2nd period - Icing by Isaac Belliveau.
11:20 of 2nd period - Skyler Brind'Amour wins face-off versus Logan Morrison in GUELPH STORM zone.
11:20 of 2nd period - Skyler Brind'Amour is hit by Taylor Ward.
11:23 of 2nd period - Icing by Brandon Biro.
11:24 of 2nd period - Jakob Pelletier wins face-off versus Skyler Brind'Amour in GUELPH STORM zone.
12:11 of 2nd period - Jakob Pelletier is hit by Judd Caulfield and loses puck.
12:56 of 2nd period - Sam Morton is hit by David Spacek and loses puck.
13:23 of 2nd period - Shot by Ty Mueller.
13:23 of 2nd period - Shot Misses the Net.
13:25 of 2nd period - Shot by Ty Mueller.
13:25 of 2nd period - Stopped by Clay Stevenson with a rebound.
13:28 of 2nd period - Minor Penalty to Anton Wahlberg for Hooking.
13:29 of 2nd period - Jakob Pelletier wins face-off versus Nikolai Kovalenko in GUELPH STORM zone.
14:54 of 2nd period - Jack Ahcan is hit by Alex Steeves and loses puck.
15:21 of 2nd period - Shot by Jakob Pelletier.
15:21 of 2nd period - Shot Blocked by Jack Ahcan.
15:33 of 2nd period - Shot by Wyatt Kaiser.
15:33 of 2nd period - Stopped by Cayden Primeau without a rebound.
15:34 of 2nd period - Ty Mueller wins face-off versus Paul Ludwinski in GUELPH STORM zone.
15:48 of 2nd period - Shot by Anton Wahlberg.
15:48 of 2nd period - Stopped by Clay Stevenson with a rebound.
15:50 of 2nd period - Shot by Anton Wahlberg.
15:50 of 2nd period - Shot Blocked by Wyatt Kaiser.
15:52 of 2nd period - Shot by Anton Wahlberg.
15:52 of 2nd period - Stopped by Clay Stevenson without a rebound.
15:53 of 2nd period - Logan Morrison wins face-off versus Christian Fischer in TRENTON WHALERS zone.
15:53 of 2nd period - Logan Morrison is hit by Judd Caulfield.
17:02 of 2nd period - Shot by Alexis Gendron.
17:02 of 2nd period - Goal by Alexis Gendron - GUELPH STORM : 2 - TRENTON WHALERS : 1.
17:03 of 2nd period - Graeme Clarke wins face-off versus Jakob Pelletier in neutral zone.
17:03 of 2nd period - Anton Wahlberg is hit by Alex Steeves and loses puck.
17:31 of 2nd period - Shot by Ty Mueller.
17:31 of 2nd period - Deflect By Anton Wahlberg.
17:31 of 2nd period - Stopped by Clay Stevenson without a rebound.
17:32 of 2nd period - Henrik Rybinski wins face-off versus Skyler Brind'Amour in TRENTON WHALERS zone.
17:53 of 2nd period - Shot by Xavier Bourgault.
17:53 of 2nd period - Deflect By Sam Morton.
17:53 of 2nd period - Stopped by Cayden Primeau with a rebound.
18:09 of 2nd period - Shot by Skyler Brind'Amour.
18:09 of 2nd period - Deflect By Brandon Biro.
18:09 of 2nd period - Stopped by Clay Stevenson without a rebound.
18:10 of 2nd period - Logan Morrison wins face-off versus Christian Fischer in TRENTON WHALERS zone.
18:15 of 2nd period - Shot by Jason Polin.
18:15 of 2nd period - Stopped by Cayden Primeau with a rebound.
18:21 of 2nd period - Shot by Jason Polin.
18:21 of 2nd period - Shot Misses the Net.
18:23 of 2nd period - Shot by Logan Morrison.
18:23 of 2nd period - Shot Misses the Net.
18:40 of 2nd period - Shot by Taylor Ward.
18:40 of 2nd period - Shot Misses the Net.
18:42 of 2nd period - Shot by Kevin Korchinski.
18:42 of 2nd period - Shot Misses the Net.
18:44 of 2nd period - Shot by Jason Polin.
18:44 of 2nd period - Stopped by Cayden Primeau without a rebound.
18:45 of 2nd period - Jakob Pelletier wins face-off versus Ty Mueller in GUELPH STORM zone.
18:52 of 2nd period - Shot by Jakob Pelletier.
18:52 of 2nd period - Stopped by Cayden Primeau without a rebound.
18:53 of 2nd period - Ty Mueller wins face-off versus Jakob Pelletier in GUELPH STORM zone.
18:53 of 2nd period - Ty Mueller is hit by Cole Koepke.
19:04 of 2nd period - Icing by Sam Malinski.
19:05 of 2nd period - Skyler Brind'Amour wins face-off versus Cole Koepke in TRENTON WHALERS zone.
19:24 of 2nd period - Shot by Jakob Pelletier.
19:24 of 2nd period - Stopped by Cayden Primeau with a rebound.
Goals for this period are 2 for GUELPH STORM vs 0 for TRENTON WHALERS.
Shots for this period are 10 for GUELPH STORM vs 16 for TRENTON WHALERS.
3rd period
0:01 of 3rd period - Christian Fischer wins face-off versus Jakob Pelletier in neutral zone.
0:11 of 3rd period - Icing by Cole Koepke.
0:12 of 3rd period - Ty Mueller wins face-off versus Jakob Pelletier in TRENTON WHALERS zone.
0:27 of 3rd period - Shot by Cole Koepke.
0:27 of 3rd period - Shot Misses the Net.
0:31 of 3rd period - Shot by Cole Koepke.
0:31 of 3rd period - Deflect By Jakob Pelletier.
0:31 of 3rd period - Stopped by Cayden Primeau without a rebound.
0:32 of 3rd period - Henrik Rybinski wins face-off versus Christian Fischer in GUELPH STORM zone.
0:35 of 3rd period - Shot by Henrik Rybinski.
0:35 of 3rd period - Stopped by Cayden Primeau with a rebound.
0:40 of 3rd period - Icing by Christian Fischer.
0:41 of 3rd period - Henrik Rybinski wins face-off versus Christian Fischer in GUELPH STORM zone.
1:14 of 3rd period - Shot by Christian Fischer.
1:14 of 3rd period - Stopped by Clay Stevenson without a rebound.
1:15 of 3rd period - Ty Mueller wins face-off versus Jakob Pelletier in TRENTON WHALERS zone.
1:28 of 3rd period - Shot by Ty Mueller.
1:28 of 3rd period - Shot Misses the Net.
1:42 of 3rd period - Shot by Anton Wahlberg.
1:42 of 3rd period - Shot Misses the Net.
1:44 of 3rd period - Shot by Owen Pickering.
1:44 of 3rd period - Shot Misses the Net.
1:46 of 3rd period - Shot by Anton Wahlberg.
1:46 of 3rd period - Shot Misses the Net.
2:16 of 3rd period - Shot by Logan Morrison.
2:16 of 3rd period - Goal by Logan Morrison - GUELPH STORM : 2 - TRENTON WHALERS : 2.
2:17 of 3rd period - Henrik Rybinski wins face-off versus Christian Fischer in neutral zone.
2:58 of 3rd period - Sam Malinski is hit by Christian Fischer and loses puck.
3:40 of 3rd period - Shot by Skyler Brind'Amour.
3:40 of 3rd period - Stopped by Clay Stevenson without a rebound.
3:41 of 3rd period - Ty Mueller wins face-off versus Paul Ludwinski in TRENTON WHALERS zone.
3:44 of 3rd period - Shot by Anton Wahlberg.
3:44 of 3rd period - Stopped by Clay Stevenson with a rebound.
5:02 of 3rd period - Icing by Louis Crevier.
5:03 of 3rd period - Henrik Rybinski wins face-off versus Skyler Brind'Amour in GUELPH STORM zone.
6:03 of 3rd period - Shot by Christian Fischer.
6:03 of 3rd period - Stopped by Clay Stevenson without a rebound.
6:04 of 3rd period - Ty Mueller wins face-off versus Jakob Pelletier in TRENTON WHALERS zone.
7:09 of 3rd period - Shot by Nikolai Kovalenko.
7:09 of 3rd period - Shot Misses the Net.
7:19 of 3rd period - Shot by Nikolai Kovalenko.
7:19 of 3rd period - Shot Blocked by Michael Benning.
7:21 of 3rd period - Shot by Isaac Belliveau.
7:21 of 3rd period - Shot Misses the Net.
7:59 of 3rd period - Shot by Brandon Biro.
7:59 of 3rd period - Shot Blocked by Noel Hoefenmayer.
8:15 of 3rd period - Shot by Michael Milne.
8:15 of 3rd period - Goal by Michael Milne - GUELPH STORM : 2 - TRENTON WHALERS : 3.
8:16 of 3rd period - Ty Mueller wins face-off versus Jakob Pelletier in neutral zone.
8:26 of 3rd period - Icing by Sam Malinski.
8:27 of 3rd period - Jakob Pelletier wins face-off versus Christian Fischer in TRENTON WHALERS zone.
8:27 of 3rd period - Jakob Pelletier is hit by Judd Caulfield.
8:57 of 3rd period - Shot by Jakob Pelletier.
8:57 of 3rd period - Shot Hit the Post.
8:59 of 3rd period - Shot by Sam Malinski.
8:59 of 3rd period - Shot Blocked by Nikolai Kovalenko.
9:06 of 3rd period - Minor Penalty to Sam Morton for Goalie Interference.
9:07 of 3rd period - Henrik Rybinski wins face-off versus Ty Mueller in TRENTON WHALERS zone.
10:40 of 3rd period - Louis Crevier is hit by Alex Steeves and loses puck.
10:53 of 3rd period - Shot by Ty Mueller.
10:53 of 3rd period - Deflect By Graeme Clarke.
10:53 of 3rd period - Shot Misses the Net.
11:12 of 3rd period - Icing by Kevin Korchinski.
11:13 of 3rd period - Skyler Brind'Amour wins face-off versus Paul Ludwinski in TRENTON WHALERS zone.
11:13 of 3rd period - Brandon Biro is hit by Michael Benning and loses puck.
11:25 of 3rd period - Paul Ludwinski is hit by Isaac Belliveau and loses puck.
11:34 of 3rd period - Shot by Michael Milne.
11:34 of 3rd period - Goal by Michael Milne - GUELPH STORM : 2 - TRENTON WHALERS : 4.
11:35 of 3rd period - Henrik Rybinski wins face-off versus Christian Fischer in neutral zone.
11:42 of 3rd period - Shot by Sam Morton.
11:42 of 3rd period - Deflect By Henrik Rybinski.
11:42 of 3rd period - Shot Blocked by Owen Pickering.
12:10 of 3rd period - Nikolai Kovalenko is hit by Henrik Rybinski and loses puck.
12:23 of 3rd period - Shot by Brandon Biro.
12:23 of 3rd period - Deflect By Skyler Brind'Amour.
12:23 of 3rd period - Stopped by Clay Stevenson without a rebound.
12:24 of 3rd period - Skyler Brind'Amour wins face-off versus Jakob Pelletier in TRENTON WHALERS zone.
12:27 of 3rd period - Shot by Brandon Biro.
12:27 of 3rd period - Shot Misses the Net.
12:53 of 3rd period - Shot by Daniil Miromanov.
12:53 of 3rd period - Shot Misses the Net.
14:01 of 3rd period - Icing by Louis Crevier.
14:02 of 3rd period - Anton Wahlberg wins face-off versus Henrik Rybinski in GUELPH STORM zone.
14:06 of 3rd period - Icing by Ty Mueller.
14:07 of 3rd period - Henrik Rybinski wins face-off versus Ty Mueller in GUELPH STORM zone.
14:42 of 3rd period - Icing by Noel Hoefenmayer.
14:43 of 3rd period - Christian Fischer wins face-off versus Henrik Rybinski in TRENTON WHALERS zone.
14:46 of 3rd period - Shot by Christian Fischer.
14:46 of 3rd period - Goal by Christian Fischer - GUELPH STORM : 3 - TRENTON WHALERS : 4.
14:47 of 3rd period - Logan Morrison wins face-off versus Nikolai Kovalenko in neutral zone.
14:52 of 3rd period - Shot by Sam Malinski.
14:52 of 3rd period - Shot Blocked by Owen Pickering.
14:54 of 3rd period - Shot by Wyatt Kaiser.
14:54 of 3rd period - Shot Blocked by Christian Fischer.
14:56 of 3rd period - Shot by Wyatt Kaiser.
14:56 of 3rd period - Stopped by Cayden Primeau without a rebound.
14:57 of 3rd period - Brett Harrison wins face-off versus Jakob Pelletier in GUELPH STORM zone.
15:12 of 3rd period - Shot by Nikolai Kovalenko.
15:12 of 3rd period - Stopped by Clay Stevenson without a rebound.
15:13 of 3rd period - Henrik Rybinski wins face-off versus Anton Wahlberg in TRENTON WHALERS zone.
15:32 of 3rd period - Shot by Sam Morton.
15:32 of 3rd period - Deflect By Henrik Rybinski.
15:32 of 3rd period - Shot Blocked by Jack Ahcan.
15:34 of 3rd period - Shot by Wyatt Kaiser.
15:34 of 3rd period - Shot Blocked by Louis Crevier.
15:45 of 3rd period - Icing by Ty Mueller.
15:46 of 3rd period - Ty Mueller wins face-off versus Jakob Pelletier in GUELPH STORM zone.
16:20 of 3rd period - Shot by Cole Koepke.
16:20 of 3rd period - Shot Blocked by Jack Ahcan.
16:31 of 3rd period - Icing by Ty Mueller.
16:32 of 3rd period - Ty Mueller wins face-off versus Henrik Rybinski in GUELPH STORM zone.
16:32 of 3rd period - Ty Mueller is hit by Sam Morton.
17:13 of 3rd period - Shot by Nikolai Kovalenko.
17:13 of 3rd period - Stopped by Clay Stevenson with a rebound.
17:15 of 3rd period - Shot by Owen Pickering.
17:15 of 3rd period - Shot Misses the Net.
17:17 of 3rd period - Shot by Christian Fischer.
17:17 of 3rd period - Shot Blocked by Wyatt Kaiser.
17:19 of 3rd period - Shot by Nikolai Kovalenko.
17:19 of 3rd period - Stopped by Clay Stevenson without a rebound.
17:20 of 3rd period - Logan Morrison wins face-off versus Skyler Brind'Amour in TRENTON WHALERS zone.
17:31 of 3rd period - Shot by Logan Morrison.
17:31 of 3rd period - Stopped by Cayden Primeau with a rebound.
17:43 of 3rd period - Shot by Taylor Ward.
17:43 of 3rd period - Shot Misses the Net.
17:59 of 3rd period - Icing by Skyler Brind'Amour.
18:00 of 3rd period - Skyler Brind'Amour wins face-off versus Jakob Pelletier in GUELPH STORM zone.
18:09 of 3rd period - Icing by Jakob Pelletier.
18:10 of 3rd period - Brett Harrison wins face-off versus Jakob Pelletier in TRENTON WHALERS zone.
18:35 of 3rd period - Shot by Christian Fischer.
18:35 of 3rd period - Shot Misses the Net.
18:37 of 3rd period - Shot by Christian Fischer.
18:37 of 3rd period - Shot Misses the Net.
18:45 of 3rd period - Shot by Nikolai Kovalenko.
18:45 of 3rd period - Shot Misses the Net.
18:47 of 3rd period - Shot by Christian Fischer.
18:47 of 3rd period - Shot Misses the Net.
18:56 of 3rd period - Icing by Cole Koepke.
18:57 of 3rd period - Ty Mueller wins face-off versus Jakob Pelletier in TRENTON WHALERS zone.
19:00 of 3rd period - GUELPH STORM, Cayden Primeau is pulled from the net.
19:06 of 3rd period - Shot by Anton Wahlberg.
19:06 of 3rd period - Shot Misses the Net.
19:08 of 3rd period - Shot by Ty Mueller.
19:08 of 3rd period - Shot Misses the Net.
19:10 of 3rd period - Shot by Louis Crevier.
19:10 of 3rd period - Stopped by Clay Stevenson without a rebound.
19:11 of 3rd period - Christian Fischer wins face-off versus Taylor Ward in TRENTON WHALERS zone.
19:14 of 3rd period - Shot by Nikolai Kovalenko.
19:14 of 3rd period - Stopped by Clay Stevenson with a rebound.
19:16 of 3rd period - Shot by Louis Crevier.
19:16 of 3rd period - Shot Misses the Net.
19:18 of 3rd period - Shot by Louis Crevier.
19:18 of 3rd period - Shot Blocked by Michael Benning.
19:20 of 3rd period - Shot by Christian Fischer.
19:20 of 3rd period - Deflect By Nikolai Kovalenko.
19:20 of 3rd period - Stopped by Clay Stevenson with a rebound.
19:25 of 3rd period - Shot by Christian Fischer.
19:25 of 3rd period - Stopped by Clay Stevenson with a rebound.
19:27 of 3rd period - Shot by Christian Fischer.
19:27 of 3rd period - Shot Misses the Net.
19:31 of 3rd period - Shot by Jack Ahcan.
19:31 of 3rd period - Shot Misses the Net.
19:33 of 3rd period - Shot by Louis Crevier.
19:33 of 3rd period - Stopped by Clay Stevenson with a rebound.
19:35 of 3rd period - Shot by Christian Fischer.
19:35 of 3rd period - Shot Blocked by Wyatt Kaiser.
19:37 of 3rd period - Shot by Nikolai Kovalenko.
19:37 of 3rd period - Stopped by Clay Stevenson without a rebound.
19:38 of 3rd period - Xavier Simoneau wins face-off versus Jakob Pelletier in TRENTON WHALERS zone.
Goals for this period are 1 for GUELPH STORM vs 3 for TRENTON WHALERS.
Shots for this period are 15 for GUELPH STORM vs 7 for TRENTON WHALERS.
Back to the Top